 Dungeon Crawl Stone Soup version 0.22-a0-833-g8522bf8 (webtiles) character file.

16726 inc the Cruncher (level 12, -11/81 HPs)
             Began as a Formicid Fighter on July 25, 2018.
             Was an Elder of Cheibriados.
             Mangled by a stone giant (31 damage)
             ... on level 1 of the Orcish Mines.
             The game lasted 00:29:21 (12367 turns).

inc the Cruncher (Formicid Fighter)                Turns: 12367, Time: 00:29:22

Health: -11/81     AC: 12    Str: 30    XL:     12   Next: 73%
Magic:  18/18      EV: 20    Int: 22    God:    Cheibriados [****..]
Gold:   705        SH:  0    Dex: 19    Spells: 8/11 levels left

rFire    . . .     SeeInvis +   G - +7 hand axe "Imp's Death" {flame, +Fly rPois}
rCold    + . .     Gourm    .   A - +4 shield of the Republic {rPois}
rNeg     . . .     Faith    .   b - +0 scale mail
rPois    +         Spirit   .   (helmet unavailable)
rElec    +         Reflect  .   v - +1 cloak of Starlight {rElec rC+ EV+4 Stlth--}
rCorr    .         Harm     .   (no gloves)
MR       +....                  J - +0 pair of boots
Stlth    ..........             (no amulet)
HPRegen  0.23/turn              (no ring)
MPRegen  0.16/turn              (no ring)

@: confused, very slow
A: permanent stasis, dig shafts and tunnels, four strong arms, antennae 3, claws
1, MP-powered wands
a: Dig, Shaft Self, Bend Time, Temporal Distortion, Slouch, Renounce Religion,
Evoke Flight


You were on level 1 of the Orcish Mines.
You worshipped Cheibriados.
Cheibriados was greatly pleased with you.
You were very hungry.

You visited 3 branches of the dungeon, and saw 14 of its levels.

You collected 1161 gold pieces.
You spent 456 gold pieces at shops.

Inventory:

Hand Weapons
 a - a +0 quarterstaff
 E - a +2 whip of flaming
 G - the +7 hand axe "Imp's Death" (weapon) {flame, +Fly rPois}
   (You found it on level 10 of the Dungeon)

   It has been specially enchanted to burn those struck by it, causing extra
   injury to most foes and up to half again as much damage against particularly
   susceptible opponents.
   Big, fiery blades are also staple armaments of hydra-hunters.
   It protects you from poison.
   It lets you fly.
Armour
 b - a +0 scale mail (worn)
 c - a +0 shield
 j - +0 steam dragon scales
 v - the +1 cloak of Starlight (worn) {rElec rC+ EV+4 Stlth--}
   (You found it on level 4 of the Dungeon)

   It affects your evasion (+4).
   It protects you from cold.
   It insulates you from electricity.
   It makes you much less stealthy.
 w - a +0 cloak
 A - the +4 shield of the Republic (worn) {rPois}
   (You bought it in a shop on level 7 of the Dungeon)

   It protects you from poison.
 B - a scarf of cloud immunity
 J - a +0 pair of boots (worn)
Jewellery
 p - an uncursed ring of ice
 I - an uncursed ring of see invisible
Wands
 d - a wand of digging (8)
 o - a wand of iceblast (6)
 y - a wand of flame (32)
 H - a wand of enslavement (10)
 K - a wand of disintegration (8)
 L - a wand of polymorph (21)
 O - a wand of acid (5)
Scrolls
 i - 14 scrolls of teleportation
 m - 4 scrolls of amnesia {unknown}
 n - a scroll of enchant armour
 q - 4 scrolls of fog
 r - 4 scrolls of remove curse {unknown}
 t - a scroll of noise
 x - a scroll of blinking
 C - a scroll of immolation
Potions
 e - 3 potions of degeneration
 h - 2 potions of mutation
 k - 3 potions of cancellation
 s - 2 potions of brilliance
 z - a potion of lignification {unknown}
 D - a potion of haste {unknown}
 F - 2 potions of ambrosia
 M - a potion of magic {unknown}
Comestibles
 f - 19 rations


   Skills:
 - Level 3.2 Fighting
 - Level 10.8 Staves
 - Level 8.9 Armour
 - Level 6.8 Dodging
 - Level 9.0 Shields
 + Level 4.0 Hexes
 - Level 8.7 Invocations
 - Level 8.7 Evocations


You had 8 spell levels left.
You knew the following spells:

 Your Spells              Type           Power        Failure   Level  Hunger
a - Tukima's Dance        Hex            ###.....     19%         3    ####...

Your spell library contained the following spells:

 Spells                   Type           Power        Failure   Level  Hunger
 Confuse                  Hex            ###.....     19%         3    ####...
 Ensorcelled Hibernation  Hex/Ice        #.....       21%         2    ###....
 Corona                   Hex            ###....      6%          1    ##.....
 Dazzling Spray           Conj/Hex       #.....       38%         3    ####...


Dungeon Overview and Level Annotations

Branches:
Dungeon (12/15)            Temple (1/1) D:6            Lair (0/6) D:11
    Orc (1/2) D:11

Altars:
Ashenzari
Cheibriados
Dithmenos
Fedhas
Gozag
Makhleb
Okawaru
Qazlal
Ru
Uskayaw
Yredelemnul
Zin
The Shining One

Shops:
D:5 ?}}[}   D:7 **   D:9 *   D:10 :*(*

Annotations:
D:11 Gastronok


Innate Abilities, Weirdness & Mutations

You cannot be hasted, slowed, berserked, paralysed or teleported.
You can dig through walls and to a lower floor.
Your four strong arms can wield two-handed weapons with a shield.
You have a pair of large antennae on your head. (SInv)
You have sharp fingernails.
You expend magic power (3 MP) to strengthen your wands.


Message History

Unknown command.
Okay, then.
Okay, then.
You feel better. You block the stone giant's attack.
You feel better. The stone giant completely misses you.
You are confused.
You feel invigorated. The stone giant barely misses you.
You slash the stone giant! You burn the stone giant.
The stone giant is moderately wounded.
The stone giant closely misses you.
You bump into the rock wall.
The stone giant hits you!!
* * * LOW HITPOINT WARNING * * *
You hear a shout!
You bump into the rock wall.
You hear a shout!
The stone giant completely misses you.
You hit the stone giant. You burn the stone giant.
The stone giant is moderately wounded.
The stone giant hits you!!
You die...

## ##.... ##.
....# #.. ...
#{#.# ##{#
##.## #(## #C#
#@## ##.##
##.## ## ##.##
#### ##.
##.###..###
#..
##.###.#.###..
#...#.....#...
##.......##...
#.............


You could see a stone giant.

Vanquished Creatures
  Harold (D:9)
  Erica (D:11)
  2 two-headed ogres
  A skeletal warrior (D:11)
  An unseen horror (D:11)
  Pikel (D:8)
  An orc knight (Orc:1)
  A cyclops (D:11)
  2 orc sorcerers
  Maurice (D:11)
  2 gargoyles (D:11)
  3 komodo dragons
  4 yaktaurs (D:11)
  3 trolls
  Sigmund (D:5)
  A spriggan (D:9)
  A wyvern (D:9)
  A wraith (D:5)
  4 yaks (D:11)
  3 hungry ghosts
  A steam dragon (D:10)
  2 hell hounds
  A hornet zombie (D:5)
  8 orc warriors
  A phantom (D:11)
  6 ice beasts
  3 sky beasts
  A black bear (D:9)
  2 necrophages
  3 ogres
  2 centaurs
  A crocodile (D:10)
  2 big kobolds
  A gnoll sergeant (D:11)
  A wyvern zombie (D:11)
  3 bullfrogs
  A wyvern skeleton (D:6)
  2 scorpions
  A troll zombie (D:11)
  9 wights
  4 killer bees (D:10)
  5 howler monkeys
  A centaur zombie (D:11)
  2 bullfrog zombies (D:11)
  2 crimson imps
  6 hounds
  4 jellies
  8 orc priests
  16 orc wizards
  A centaur skeleton (D:8)
  An iguana (D:9)
  A bullfrog skeleton (D:11)
  Ijyb (D:5)
  Natasha (twice) (D:2)
  7 worker ants
  5 ogre zombies (D:11)
  A hound skeleton (D:7)
  2 hound zombies
  A worker ant zombie (D:8)
  2 howler monkey zombies
  6 adders
  A shadow imp (D:5)
  An ooze (D:1)
  An adder zombie (D:5)
  2 worms
  3 dart slugs (D:1)
  5 leopard geckos
  42 orcs
  3 bats
  6 giant cockroaches
  6 goblins
  4 hobgoblins
  6 jackals
  5 quokkas
  4 frilled lizards
  2 goblin zombies (D:11)
  2 hobgoblin skeletons (D:11)
  A hobgoblin zombie (D:11)
  A jackal skeleton (D:6)
  19 kobolds
  4 orc skeletons (D:11)
  11 orc zombies (D:11)
  A quokka skeleton (D:6)
  4 rats
298 creatures vanquished.

Vanquished Creatures (others)
  A slave (D:8)
  A hound (D:8)
  An orc wizard (D:8)
  An orc (D:11)
4 creatures vanquished.

Grand Total: 302 creatures vanquished

Notes
Turn   | Place    | Note
-------+----------+-------------------------------------------
     0 | D:1      | inc the Formicid Fighter began the quest for the Orb.
     0 | D:1      | Reached XP level 1. HP: 18/18 MP: 1/1
   170 | D:1      | Reached XP level 2. HP: 24/24 MP: 2/2
   420 | D:1      | Reached XP level 3. HP: 29/29 MP: 3/3
   936 | D:1      | Reached skill level 3 in Staves
  1030 | D:2      | Reached XP level 4. HP: 25/35 MP: 4/4
  1328 | D:2      | Noticed Natasha
  1339 | D:2      | Killed Natasha
  1339 | D:2      | Reached skill level 5 in Shields
  1555 | D:2      | Reached XP level 5. HP: 39/41 MP: 5/5
  1611 | D:2      | Found a hide-covered altar of Uskayaw.
  1611 | D:2      | Found a snail-covered altar of Cheibriados.
  1674 | D:2      | Noticed Natasha
  1683 | D:2      | Killed Natasha
  1869 | D:2      | Became a worshipper of Cheibriados the Contemplative
  1922 | D:3      | Found a blossoming altar of Fedhas.
  1991 | D:3      | Reached skill level 4 in Staves
  1995 | D:3      | Found a basalt altar of Yredelemnul.
  2280 | D:3      | Found a faded altar of an unknown god.
  2349 | D:3      | Found an iron altar of Okawaru.
  2513 | D:4      | Reached XP level 6. HP: 32/47 MP: 6/6
  2756 | D:4      | Found the +1 cloak of Starlight {rElec rC+ EV+4 Stlth--}
  2990 | D:4      | Reached * piety under Cheibriados
  3272 | D:5      | Entered Level 5 of the Dungeon
  3306 | D:5      | Reached skill level 5 in Staves
  3506 | D:5      | Noticed an ice beast
  3522 | D:5      | Killed an ice beast
  3522 | D:5      | Reached XP level 7. HP: 9/52 MP: 7/7
  3784 | D:5      | Found Ycraoxul's Magic Scroll Shop.
  3792 | D:5      | Bought a scroll of identify for 28 gold pieces
  3792 | D:5      | Bought a scroll of fear for 49 gold pieces
  3792 | D:5      | Bought a scroll of fog for 28 gold pieces
  3932 | D:5      | Gained mutation: You have sharp fingernails. [potion of mutation]
  3932 | D:5      | Gained mutation: You expend magic power (3 MP) to strengthen your wands. [potion of mutation]
  3972 | D:5      | HP: 1/52 [hornet zombie (9)]
  4164 | D:5      | Found Tisor's Gadget Shoppe.
  4269 | D:5      | Found Cufuonit's Armour Shoppe.
  4410 | D:5      | Found a shattered altar of Ashenzari.
  4508 | D:5      | Noticed Sigmund
  4534 | D:5      | Noticed a wraith
  4543 | D:5      | Killed Sigmund
  4543 | D:5      | Reached skill level 6 in Staves
  4543 | D:5      | Reached XP level 8. HP: 30/58 MP: 8/8
  4552 | D:5      | Killed a wraith
  4757 | D:5      | Noticed Ijyb
  4773 | D:5      | Killed Ijyb
  4888 | D:5      | Found a stormy altar of Qazlal.
  4919 | D:5      | Found Efonui's Gadget Shoppe.
  4920 | D:5      | Found Kimang's Gadget Boutique.
  5254 | D:6      | Reached skill level 7 in Staves
  5316 | D:6      | Found a staircase to the Ecumenical Temple.
  5328 | Temple   | Entered the Ecumenical Temple
  5356 | D:6      | Reached ** piety under Cheibriados
  5852 | D:7      | Reached skill level 8 in Staves
  5852 | D:7      | Reached XP level 9. HP: 61/64 MP: 9/9
  6045 | D:7      | Found a shattered altar of Ashenzari.
  6117 | D:7      | Found Enuar's Assorted Antiques.
  6124 | D:7      | Bought a scorched shield for 228 gold pieces
  6134 | D:7      | Identified the +4 shield of the Republic {rPois} (You bought it in a shop on level 7 of the Dungeon)
  6191 | D:7      | Found a burning altar of Makhleb.
  6207 | D:7      | Reached skill level 9 in Staves
  6232 | D:7      | Found Ateulad's General Store.
  6235 | D:7      | Bought a potion of heal wounds for 65 gold pieces
  6343 | D:7      | Found a glowing golden altar of the Shining One.
  6451 | D:8      | Reached *** piety under Cheibriados
  6485 | D:8      | Reached skill level 1 in Invocations
  6762 | D:8      | Noticed Pikel
  6783 | D:8      | Killed Pikel
  6783 | D:8      | Reached skill level 10 in Staves
  6783 | D:8      | Reached skill level 5 in Invocations
  6783 | D:8      | Reached XP level 10. HP: 52/70 MP: 11/14
  7246 | D:8      | Noticed a two-headed ogre
  7262 | D:8      | Killed a two-headed ogre
  7562 | D:8      | Found an opulent altar of Gozag.
  7832 | D:9      | Found a glowing golden altar of the Shining One.
  7833 | D:9      | Found a sacrificial altar of Ru.
  7842 | D:9      | Reached **** piety under Cheibriados
  7842 | D:9      | Reached skill level 1 in Dodging
  7850 | D:9      | Found a shadowy altar of Dithmenos.
  7886 | D:9      | Noticed Harold
  7903 | D:9      | Killed Harold
  7903 | D:9      | Reached skill level 5 in Armour
  7904 | D:9      | Noticed a two-headed ogre
  7922 | D:9      | Killed a two-headed ogre
  7922 | D:9      | Reached XP level 11. HP: 62/75 MP: 12/17
  7974 | D:9      | Found Zin's Purification Station.
  7976 | D:9      | Found a glowing silver altar of Zin.
  8261 | D:10     | Entered Level 10 of the Dungeon
  8261 | D:10     | Found Agi Qemn's Antique Weapon Emporium.
  8362 | D:10     | Reached skill level 5 in Dodging
  8634 | D:10     | Found Ydexadd's General Store.
  8653 | D:10     | Got a bone hand axe
  8663 | D:10     | Bought a +0 pair of boots for 58 gold pieces
  8717 | D:10     | Found Qutrek's Book Emporium.
  9620 | D:11     | Noticed a cyclops
  9625 | D:11     | Identified the +7 hand axe "Imp's Death" {flame, +Fly rPois} (You found it on level 10 of the Dungeon)
  9643 | D:11     | Killed a cyclops
  9665 | D:11     | Noticed Gastronok
 10222 | D:10     | Found Ceryih's General Store.
 10676 | D:11     | Noticed a skeletal warrior
 10710 | D:11     | Killed a skeletal warrior
 10865 | D:11     | Noticed Maurice
 10946 | D:11     | Killed Maurice
 11003 | D:11     | Noticed Erica
 11100 | D:11     | Reached skill level 1 in Evocations
 11103 | D:11     | Found a staircase to the Lair.
 11131 | D:11     | Noticed an orc sorcerer
 11143 | D:11     | Killed an orc sorcerer
 11143 | D:11     | Reached XP level 12. HP: 61/81 MP: 12/18
 11152 | D:11     | Noticed a four-headed hydra
 11358 | D:12     | Noticed a skeletal warrior
 11426 | D:11     | Killed Erica
 11442 | D:11     | Reached skill level 5 in Evocations
 11592 | D:11     | Found a staircase to the Orcish Mines.
 11648 | D:11     | Noticed an unseen horror
 11649 | D:11     | Killed an unseen horror
 11709 | Orc:1    | Entered Level 1 of the Orcish Mines
 11775 | Orc:1    | Learned a level 3 spell: Tukima's Dance
 11793 | Orc:1    | Reached skill level 1 in Hexes
 11918 | Orc:1    | Reached ***** piety under Cheibriados
 12352 | Orc:1    | Noticed a stone giant
 12360 | Orc:1    | HP: 4/81 [stone giant (37)]
 12367 | Orc:1    | Mangled by a stone giant

Vault maps used:
D:1:      wheals_arrival_shading, grunt_decor_mini_mirrors,
          hangedman_abyss_or_decor_stabs, minmay_quantized
D:2:      gammafunk_temple_overflow_wave, uniq_natasha
D:3:      fedhas_altar_2, nicolae_overflow_crystal_walls,
          kennysheep_okawaru_gauntlet, chequers_ecumenical_altar_simple_redux
D:4:      kennysheep_big_flooded_room, first_ration, supply_closet_lemuel
D:5:      kennysheep_mini, serial_shops, shop, nicolae_shop_trees, shop,
          shop_coins, shop, nicolae_ashenzari_panopticon, uniq_sigmund,
          uniq_ijyb
D:6:      minmay_temple_entry_glass
D:7:      makhleb_blood_cavern_becter, old_standard_altar, serial_shops,
          kennysheep_mini_moat, nicolae_shop_overgrown_old_shop, tso_altar
D:8:      grunt_gozag_breadcrumbs, kennysheep_generic_room_2, uniq_pikel
D:9:      grunt_dithmenos_smoke, chequers_temple_overflow_statue_of_worship,
          zin_purify, the_bakery, uniq_harold
D:10:     nicolae_whirlpool, serial_shops, nicolae_shop_trees, shop, shop, shop,
          minivault_27
D:11:     minmay_lair_entry_lava, zombieorc2_lemuel, st_stairs_4, uniq_erica,
          uniq_maurice, uniq_gastronok
D:12:     uniq_frances, uniq_snorg, uniq_fannar
Temple:   jpeg_temple_island

Skill      XL: |  1  2  3  4  5  6  7  8  9 10 11 12 |
---------------+-------------------------------------+-----
Shields        | 4 5 7 8 9 |  9.0
Staves         | 3 4 5 6 8 10 | 10.8
Invocations    | 5 8 |  8.7
Dodging        | 3 6 |  6.8
Armour         | 5 8 |  8.9
Evocations     | 3 8 |  8.7
Hexes          | 4 |  4.0
Fighting       | |  3.2

Action                   |  1- 3 |  4- 6 |  7- 9 | 10-12 || total
-------------------------+-------+-------+-------+-------++-------
Melee: Quarterstaff      |    93 |   152 |   344 |   555 ||  1144
       Whip              |       |       |       |     4 ||     4
       Hand axe          |       |       |       |   162 ||   162
Invok: Bend Time         |       |       |       |     9 ||     9
       Slouch            |       |       |       |     8 ||     8
 Abil: Dig               |       |       |       |     4 ||     4
  Use: Potion            |       |     1 |     5 |    14 ||    20
       Scroll            |       |     1 |     4 |    11 ||    16
 Stab: Invisible         |       |       |       |     7 ||     7
  Eat: Chunk             |       |     8 |     4 |     4 ||    16
       Ration            |       |       |     1 |     2 ||     3
Armor: Scale mail        |    35 |    43 |    53 |    65 ||   196
Dodge: Dodged            |    22 |    35 |    96 |   264 ||   417
Block: Shield            |    30 |    80 |   179 |   526 ||   815

Table legend:
 A = Spawn XP
 B = Non-spawn XP
 C = Spawn XP percentage of total XP
 D = Spawn monster count
 E = Non-spawn monster count
 F = Spawn count percentage of total count
 G = Total turns spent on level
                    A         B        C        D         E        F      G
               +---------+---------+-------+---------+---------+-------+---------
         Total |       0 |   23895 |   0.0 |       0 |     298 |   0.0 | 12367
               +---------+---------+-------+---------+---------+-------+---------
           D:1 |       0 |      52 |   0.0 |       0 |      25 |   0.0 |   987
           D:2 |       0 |     127 |   0.0 |       0 |      18 |   0.0 |   890
           D:3 |       0 |      52 |   0.0 |       0 |      10 |   0.0 |   624
           D:4 |       0 |     201 |   0.0 |       0 |      11 |   0.0 |   791
           D:5 |       0 |    1024 |   0.0 |       0 |      21 |   0.0 |  1903
           D:6 |       0 |     439 |   0.0 |       0 |      12 |   0.0 |   645
           D:7 |       0 |     536 |   0.0 |       0 |      15 |   0.0 |   656
           D:8 |       0 |    3500 |   0.0 |       0 |      40 |   0.0 |  1275
           D:9 |       0 |    3366 |   0.0 |       0 |      24 |   0.0 |   523
          D:10 |       0 |    2700 |   0.0 |       0 |      28 |   0.0 |  2248
          D:11 |       0 |    9443 |   0.0 |       0 |      63 |   0.0 |   856
          D:12 |       0 |     188 |   0.0 |       0 |       2 |   0.0 |   309
         Orc:1 |       0 |    2267 |   0.0 |       0 |      29 |   0.0 |   658
               +---------+---------+-------+---------+---------+-------+---------
